 Dungeon Crawl Stone Soup version 0.29.0-4-gdea44cf6ec (webtiles) character file.

Game seed: 16084739438629972851

14 mtoz the Chopper (level 2, 27/27 HPs)
             Began as a Minotaur Berserker on Aug 26, 2022.
             Was a Follower of Trog.
             Quit the game on level 1 of the Dungeon.
             The game lasted 00:05:10 (674 turns).

mtoz the Chopper (Minotaur Berserker)                Turns: 674, Time: 00:05:11

Health: 27/27      AC: 12    Str: 21    XL:     2   Next: 27%
Magic:  1/1        EV:  6    Int:  4    God:    Trog [*.....]
Gold:   22         SH:  0    Dex:  9    Spells: 1/1 levels left

rFire   . . .      SeeInvis .   a - +0 hand axe
rCold   . . .      Faith    .   (no shield)
rNeg    . . .      Spirit   .   g - +0 plate armour
rPois   .          Reflect  .   (helmet restricted)
rElec   .          Harm     .   h - +0 cloak
rCorr   .          Rampage  .   (no gloves)
Will    .....                   (no boots)
Stlth   ..........              (no amulet)
HPRegen 0.09/turn               (no ring)
MPRegen 0.07/turn               (no ring)

@: no status effects
A: horns 2, retaliatory headbutt
a: Renounce Religion, Berserk


You were on level 1 of the Dungeon.
You worshipped Trog.
Trog was aware of your devotion.
You visited 1 branch of the dungeon, and saw 1 of its levels.

You collected 22 gold pieces.

Inventory:

Hand Weapons
 a - a +0 hand axe (weapon)
 f - a +0 short sword
 j - a +0 war axe
Armour
 b - a +0 animal skin
 c - a +0 leather armour
 d - a +0 chain mail
 g - a +0 plate armour (worn)
 h - a +0 cloak (worn)
Scrolls
 e - a scroll of teleportation {unknown}
Potions
 i - a potion of degeneration {unknown}


   Skills:
 + Level 3.8 Fighting
 * Level 4.0 Axes
 + Level 2.7 Armour
 + Level 2.4 Dodging


You had one spell level left.
You didn't know any spells.
Your spell library was empty.

Dungeon Overview and Level Annotations

Branches:
Dungeon (1/15)

Altars:

Shops:
D:1 :


Innate Abilities, Weirdness & Mutations

You have a pair of horns on your head.
You reflexively headbutt those who attack you in melee.


Message History

You barely miss the giant cockroach.
Your headbutt misses the giant cockroach.
The giant cockroach is almost dead.
The giant cockroach bites you but does no damage.
You barely miss the giant cockroach. You headbutt the giant cockroach.
You kill the giant cockroach!
Trog accepts your kill.
No target in view!
Found a book of Frost.
Found Munifon's Book Shoppe.
You now have 11 gold pieces.
There is an entrance to Munifon's Book Shoppe here.
You see here a book of Frost.
You now have 22 gold pieces (gained 11).
A rat comes into view.
Found a war axe and 4 stones.
Found a faded altar of an unknown god.
Found 6 gold pieces.
The rat bites you but does no damage.
You hit the rat but do no damage. You headbutt the rat.
You kill the rat!
Trog accepts your kill.
A ball python comes into view.
The ball python hisses angrily.
You see here a +0 war axe.
j - a +0 war axe You slash the ball python!
You kill the ball python!
Trog accepts your kill.
Unknown command.
Okay, then.
Okay, then.
Unknown command.
Unknown command.
Okay, then.
Unknown command.
Unknown command.
Unknown command.
Unknown command.
Unknown command.
Are you sure you want to abandon this character and quit the game? (Confirm with "yes".)

####......# ### #.........#
########.. #.........#
#......#.. #........$#
#.####.#.. #.........#
#.#.<#.#.( #...._(...#
#.#.##.#.. #.........#
#.#....#..
#####.##..#######.#.#.######..
# ##....@................
###.##############.#..
#...#..........#.#..
#.#.#.########.#.###
#.#.#........#.#.#
#.#.########.#.#.#
#.#..........#...###
##################.. ###


There were no monsters in sight!

Vanquished Creatures
  2 endoplasms (D:1)
  A giant cockroach (D:1)
  A goblin (D:1)
  3 ball pythons (D:1)
  2 bats (D:1)
  A frilled lizard (D:1)
  3 kobolds (D:1)
  A rat (D:1)
14 creatures vanquished.

Notes
Turn   | Place    | Note
-------+----------+-------------------------------------------
     0 | D:1      | mtoz the Minotaur Berserker began the quest for the Orb.
     0 | D:1      | Reached XP level 1. HP: 19/19 MP: 0/0
   418 | D:1      | Reached XP level 2. HP: 23/27 MP: 1/1
   420 | D:1      | Reached skill level 4 in Axes
   564 | D:1      | Found Munifon's Book Shoppe.
   658 | D:1      | Found a faded altar of an unknown god.
   674 | D:1      | Quit the game

Illustrated notes

Levels and vault maps discovered:
D:1:      matt_arrival_spirals, layout_rooms, basic_ecumenical_altar,
          serial_shops, nicolae_lakefront_shop

Skill      XL: |  1  2 |
---------------+-------+-----
Axes           | 4 |  4.0
Fighting       | |  3.8
Armour         | |  2.7
Dodging        | |  2.4

Action                   || total
-------------------------++-------
Melee: Hand axe          ||    27
       Headbutt          ||     3
Armor: Plate armour      ||    10
       Chain mail        ||     3
Dodge: Dodged            ||    16
